 Dungeon Crawl Stone Soup version 0.27-a0-633-gc6addc0a40 (webtiles) character file.

Game seed: 5730730637529617296

113 jestyr24 the Magician (level 4, 0/24 HPs)
             Began as a Deep Elf Air Elementalist on Mar 13, 2021.
             Killed from afar by an orc wizard (5 damage)
             ... with a puff of flame
             ... on level 3 of the Dungeon.
             The game lasted 00:16:33 (3295 turns).

jestyr24 the Magician (Deep Elf Air Elementalist)   Turns: 3295, Time: 00:16:34

Health: 0/24       AC:  5    Str:  5    XL:     4   Next: 65%
Magic:  9/12       EV: 13    Int: 21    God:
Gold:   130        SH:  0    Dex: 15    Spells: 2/12 levels left

rFire    + . .     SeeInvis .   j - +0 mace
rCold    . . .     Faith    .   (no shield)
rNeg     . . .     Spirit   .   a - +0 robe
rPois    .         Reflect  .   (no helmet)
rElec    .         Harm     .   (no cloak)
rCorr    .         Rampage  .   s - +2 pair of gloves
Will     .....                  (no boots)
Stlth    ++........             (no amulet)
HPRegen  0.08/turn              h - ring of protection from fire
MPRegen  0.13/turn              (no ring)

@: no status effects
A: no striking features
a: no special abilities


You were on level 3 of the Dungeon.
You visited 1 branch of the dungeon, and saw 3 of its levels.

You collected 130 gold pieces.

Inventory:

Hand Weapons
 j - a +0 mace (weapon)
Missiles
 f - 8 atropa-tipped darts
 m - 2 javelins
Armour
 a - a +0 robe (worn)
 s - a +2 pair of gloves (worn)
Jewellery
 h - a ring of protection from fire (right hand)
Scrolls
 b - a scroll of enchant weapon {unknown}
 c - a scroll of teleportation {unknown}
 g - a scroll of identify {unknown}
 i - a scroll of fog {unknown}
 k - a scroll of enchant armour {unknown}
 n - a scroll of blinking {unknown}
 q - a scroll of immolation {unknown}
Potions
 d - 2 potions of mutation {unknown}
 e - a potion of curing {unknown}
 o - a potion of brilliance {unknown}
 p - a potion of haste {unknown}
 r - a potion of might {unknown}


   Skills:
 + Level 2.8 Dodging
 + Level 2.7 Stealth
 + Level 4.5 Spellcasting
 + Level 2.3 Conjurations
 + Level 4.0 Air Magic


You had 2 spell levels left.
You knew the following spells:

 Your Spells              Type           Power      Damage    Failure   Level
a - Shock                 Conj/Air       72%        1d7       3%          1
b - Swiftness             Air            21%        N/A       3%          2
c - Static Discharge      Conj/Air       18%        N/A       10%         3
d - Airstrike             Air            10%        N/A       22%         4

Your spell library contained the following spells:

 Spells                   Type           Power      Damage    Failure   Level
 Lightning Bolt           Conj/Air       9%         1d21      65%         5


Dungeon Overview and Level Annotations

Branches:
Dungeon (3/15)

Altars:


Message History

You barely miss the orc wizard.
The orc wizard is heavily wounded.
The orc wizard gestures at you while chanting.
The magic dart hits you.
You hit the orc wizard.
The orc wizard is severely wounded.
The orc wizard hits you with a +0 dagger.
You hit the orc wizard but do no damage.
The orc wizard is severely wounded.
The orc wizard barely misses you.
The orc wizard hits you but does no damage.
You closely miss the orc wizard.
The orc wizard is severely wounded.
The orc wizard barely misses you.
You hit the orc wizard but do no damage.
The orc wizard is severely wounded.
The orc wizard hits you with a +0 dagger. x2
You hit the orc wizard.
The orc wizard is almost dead.
The orc wizard hits you with a +0 dagger.
You closely miss the orc wizard.
The orc wizard is almost dead.
The orc wizard barely misses you.
You hit the orc wizard but do no damage.
The orc wizard is almost dead.
The orc wizard gestures at itself while chanting.
The orc wizard flickers and vanishes!
Deactivating autopickup; reactivate with Ctrl-A.
Something barely misses you.
You miss something. Something hits you.
You hit something but do no damage.
You hear some strange, mumbled words.
A puff of flame appears from out of thin air!
The puff of flame hits you. You resist. Something hits you.
* * * LOW HITPOINT WARNING * * *
You closely miss something.
You hear some strange, mumbled words.
A puff of flame appears from out of thin air!
The puff of flame hits you. You resist.
You die...

#........# #...## o!.
#........# #....##rr
#........######...###
#..>.....'...##....###
#........#######.....##
#####.####### ##......
#........# ##.....
#........# ###...
#..@.....# ####
##{####### #.# #.. #..
#... ##.) ..)


There were no monsters in sight!

Vanquished Creatures
  Terence (D:3)
  3 adders (D:2)
  3 worms (D:2)
  3 dart slugs
  3 leopard geckos
  4 orcs (D:3)
  3 bats
  A giant cockroach (D:2)
  6 goblins
  A hobgoblin (D:1)
  A ball python (D:2)
  8 kobolds
  8 rats
45 creatures vanquished.

Vanquished Creatures (others)
  2 plants (D:3)
2 creatures vanquished.

Grand Total: 47 creatures vanquished

Notes
Turn   | Place    | Note
-------+----------+-------------------------------------------
     0 | D:1      | jestyr24 the Deep Elf Air Elementalist began the quest for
                  | the Orb.
     0 | D:1      | Reached XP level 1. HP: 10/10 MP: 6/6
   139 | D:1      | Reached XP level 2. HP: 13/15 MP: 1/8
   142 | D:1      | Learned a level 2 spell: Swiftness
  1323 | D:2      | Reached XP level 3. HP: 19/19 MP: 8/10
  1327 | D:2      | Learned a level 3 spell: Static Discharge
  2217 | D:2      | Reached XP level 4. HP: 12/24 MP: 10/12
  2396 | D:2      | Learned a level 4 spell: Airstrike
  3179 | D:3      | Noticed Terence
  3189 | D:3      | Killed Terence
  3295 | D:3      | Killed from afar by an orc wizard

Illustrated notes

Levels and vault maps discovered:
D:1:      mrwooster_arrival_arrow, layout_loops_ring
D:2:      layout_loops_corners, minmay_misc_feat_roman
D:3:      layout_basic, chequers_ecumenical_altar_lobes, lightli_corner_chamber,
          uniq_terence

Skill      XL: |  1  2  3  4 |
---------------+-------------+-----
Spellcasting   | 4 |  4.5
Conjurations   | 2 |  2.3
Air Magic      | 4 |  4.0
Dodging        | |  2.8
Stealth        | |  2.7

Action                   |  1- 3 |  4- 6 || total
-------------------------+-------+-------++-------
Melee: Whip              |     1 |       ||     1
       Mace              |    10 |    15 ||    25
 Cast: Shock             |    94 |    16 ||   110
       Swiftness         |     1 |     1 ||     2
       Static Discharge  |       |     3 ||     3
  Use: Potion            |     1 |       ||     1
Armor: Robe              |     6 |     1 ||     7
Dodge: Dodged            |    27 |     8 ||    35

Table legend: (Time is in decaauts)
 A = Elapsed time spent in this place.
 B = Non-inter-level travel time spent in this place.
 C = Inter-level travel time spent in this place.
 D = Time resting spent in this place.
 E = Time spent auto-exploring this place.
 F = Levels seen in this place.
 G = Mean time per level.
                   A        B        C        D        E       F      G
               +--------+--------+--------+--------+--------+-----+--------+
         Total |   3300 |   3145 |    155 |    664 |   1949 |   3 | 1100.0 |
       Dungeon |   3300 |   3145 |    155 |    664 |   1949 |   3 | 1100.0 |
               +--------+--------+--------+--------+--------+-----+--------+

Top non-repeatable levels by time:
     D:2: 1631 daAuts
     D:1: 1110 daAuts
     D:3: 558 daAuts
